 Dungeon Crawl Stone Soup version 0.24-a0-10-gb84795d (webtiles) character file.

Game seed: 13747680855855354258

282 galech the Shield-Bearer (level 6, -5/47 HPs)
             Began as a Demonspawn Fighter on Jan 31, 2019.
             Slain by Eustachio
             ... wielding a +0 falchion of electrocution
              (17 damage)
             ... on level 3 of the Dungeon.
             The game lasted 00:03:20 (2667 turns).

galech the Shield-Bearer (Demonspawn Fighter)       Turns: 2667, Time: 00:03:21

Health: -5/47      AC: 20    Str: 16    XL:     6   Next: 6%
Magic:  6/6        EV:  3    Int:  9    God:
Gold:   91         SH: 14    Dex: 18    Spells: 5/5 levels left

rFire    . . .     SeeInvis +   a - +0 war axe
rCold    x . .     Gourm    .   s - +0 large shield
rNeg     . . .     Faith    .   m - +4 chain mail {MR+}
rPois    +         Spirit   .   g - +2 helmet of the Ditch-Digger {rPois rC- Dex+3 SInv}
rElec    .         Reflect  .   q - +0 cloak
rCorr    .         Harm     .   (no gloves)
MR       +....                  (no boots)
Stlth    ..........             o - amulet of rage
HPRegen  0.15/turn              (no ring)
MPRegen  0.10/turn              (no ring)

@: no status effects
A: hooves 1, molten scales 2, spiny 2
a: Evoke Berserk Rage


You were on level 3 of the Dungeon.
You were not hungry.

You visited 1 branch of the dungeon, and saw 4 of its levels.

You collected 91 gold pieces.

Inventory:

Hand Weapons
 a - a +0 war axe (weapon)
Armour
 g - the +2 helmet of the Ditch-Digger (worn) {rPois rC- Dex+3 SInv}
   (You took it off Robin on level 2 of the Dungeon)

   It affects your dexterity (+3).
   It makes you vulnerable to cold.
   It protects you from poison.
   It lets you see invisible.
 m - a +4 chain mail of magic resistance (worn)
 q - a +0 cloak (worn)
 s - a +0 large shield (worn)
Jewellery
 o - an amulet of rage (around neck)
Wands
 r - a wand of enslavement (10)
Scrolls
 h - a scroll of noise {unknown}
 j - a scroll of fear {unknown}
 k - 3 scrolls of identify {unknown}
 n - 2 scrolls of teleportation {unknown}
 p - a scroll of amnesia {unknown}
 u - a scroll of fog {unknown}
Potions
 c - 2 potions of degeneration {unknown}
 d - a potion of might
 e - 2 potions of curing
 i - a potion of lignification {unknown}
 l - 3 potions of heal wounds
 t - a potion of flight {unknown}
Comestibles
 b - a chunk of flesh
 f - 6 rations


   Skills:
 + Level 3.5 Fighting
 + Level 3.9 Axes
 + Level 3.4 Armour
 + Level 0.9 Dodging
 + Level 0.6 Stealth
 + Level 3.9 Shields


You had 5 spell levels left.
You didn't know any spells.
Your spell library was empty.

Dungeon Overview and Level Annotations

Branches:
Dungeon (4/15)
 Temple: D:4-7

Altars:
The Shining One

Annotations:
D:3 Eustachio


Innate Abilities, Weirdness & Mutations

You have large cloven feet.
You are mostly covered in molten scales. (AC +3)
You are mostly covered in sharp spines.


Message History

Eustachio blinks!
Eustachio casts a spell.
Eustachio blinks!
Eustachio mumbles some strange words.
Eustachio blinks!
Eustachio screams, "Hey, you killed my favourite bat!"
Eustachio mumbles some strange words.
There is a stone staircase leading up here.
You block the bat's attack. Eustachio is struck by your spines.
Eustachio hits you with a +0 falchion of electrocution.
* * * LOW HITPOINT WARNING * * *
You climb upwards.
The bat disappears in a puff of smoke!
The rat disappears in a puff of smoke!
There is a stone staircase leading down here.
You closely miss Eustachio. You kick Eustachio, but do no damage.
Eustachio is heavily wounded.
Eustachio hits you with a +0 falchion of electrocution.
* * * LOW HITPOINT WARNING * * *
You are electrocuted!
You die...

### ##.# #######
##... #.....#
####....
#@....#####.......
#@..........####.#
#.....####### #.#
#.....## #.#
###....### ##'#
#......### ##...
#.#.รท....###....
#.#..#.#.##.....
#.#....#.#......


You could see Eustachio.

Vanquished Creatures
  Jessica (D:3)
  Ijyb (D:3)
  Terence (D:2)
  Natasha (thrice) (D:3)
  A worker ant zombie (D:3)
  Robin (D:2)
  3 adders (D:3)
  2 oozes
  A worm (D:3)
  2 dart slugs (D:3)
  A leopard gecko (D:3)
  8 bats
  2 giant cockroaches
  15 goblins
  9 hobgoblins
  A quokka (D:3)
  5 frilled lizards
  11 kobolds
  6 rats
74 creatures vanquished.

Notes
Turn   | Place    | Note
-------+----------+-------------------------------------------
     0 | D:1      | galech the Demonspawn Fighter began the quest for the Orb.
     0 | D:1      | Reached XP level 1. HP: 18/18 MP: 1/1
   275 | D:1      | Gained mutation: You have large cloven feet. [demonic
                  | ancestry]
   275 | D:1      | Reached XP level 2. HP: 20/24 MP: 2/2
   728 | D:2      | Gained mutation: You are partially covered in sharp spines.
                  | [demonic ancestry]
   728 | D:2      | Reached XP level 3. HP: 26/29 MP: 3/3
   847 | D:2      | Found a faded altar of an unknown god.
   968 | D:2      | Found a glowing golden altar of the Shining One.
   980 | D:2      | Noticed Terence
   995 | D:2      | Killed Terence
  1173 | D:2      | Identified the +2 helmet of the Ditch-Digger {rPois rC-
                  | Dex+3 SInv}
  1173 | D:2      | Noticed Robin
  1183 | D:2      | Gained mutation: You are partially covered in molten
                  | scales. (AC +2) [demonic ancestry]
  1183 | D:2      | Reached XP level 4. HP: 18/35 MP: 4/4
  1185 | D:2      | Killed Robin
  1856 | D:3      | Noticed Ijyb
  1866 | D:3      | Killed Ijyb
  1898 | D:3      | Gained mutation: You are mostly covered in sharp spines.
                  | [demonic ancestry]
  1898 | D:3      | Reached XP level 5. HP: 41/41 MP: 5/5
  2061 | D:3      | Noticed Jessica
  2069 | D:3      | Killed Jessica
  2083 | D:3      | Noticed Natasha
  2088 | D:3      | Killed Natasha
  2210 | D:3      | Noticed Natasha
  2216 | D:3      | Killed Natasha
  2616 | D:3      | Noticed Natasha
  2620 | D:3      | Killed Natasha
  2620 | D:3      | Gained mutation: You are mostly covered in molten scales.
                  | (AC +3) [demonic ancestry]
  2620 | D:3      | Reached XP level 6. HP: 47/47 MP: 6/6
  2632 | D:4      | Noticed Eustachio
  2667 | D:3      | Slain by Eustachio

Vault maps used:
D:1:      lemuel_arrival_room
D:2:      tso_metal_star, chequers_ecumenical_altar_grove, uniq_robin,
          uniq_terence
D:3:      hangedman_decor_lopped, st_stairs_13, wad_floor_pattern_1,
          chequers_serial_rivers_room_b, uniq_natasha, uniq_jessica, uniq_ijyb
D:4:      minmay_diamond_boxcup, kennysheep_path_1, uniq_menkaure,
          uniq_eustachio

Skill      XL: |  1  2  3  4  5 |
---------------+----------------+-----
Shields        | 3 |  3.9
Armour         | 3 |  3.4
Axes           | 2 3 |  3.9
Fighting       | |  3.5
Dodging        | |  0.9
Stealth        | |  0.6

Action                   |  1- 3 |  4- 6 || total
-------------------------+-------+-------++-------
Melee: War axe           |    93 |    96 ||   189
       Kick              |    15 |    34 ||    49
  Eat: Chunk             |     1 |     5 ||     6
Armor: Scale mail        |    40 |       ||    40
       Chain mail        |    13 |    46 ||    59
Dodge: Dodged            |    33 |    12 ||    45
Block: Shield            |    56 |    25 ||    81
       Large shield      |       |    46 ||    46

Table legend:
 A = Non-vault XP
 B = Vault XP
 C = Vault XP percentage of total XP
 D = Non-vault monster count
 E = Vault monster count
 F = Vault count percentage of total count
                 A         B        C        D         E       F
            +---------+---------+-------+---------+---------+-------
      Total |     226 |     178 |  44.1 |      58 |      16 |  21.6
            +---------+---------+-------+---------+---------+-------
        D:1 |      36 |       0 |   0.0 |      20 |       0 |   0.0
        D:2 |      20 |      70 |  77.8 |      10 |      12 |  54.5
        D:3 |     170 |     108 |  38.8 |      28 |       4 |  12.5
            +---------+---------+-------+---------+---------+-------
